Map: Vaani Research Station (Void)

Players

Elazer - Winner!

  • Race: Zerg Zerg
  • League: Master
  • Spawn Location: 12:00

Chammy (Cham)

  • Race: Zerg Zerg
  • League: Grandmaster
  • Spawn Location: 6:00

Event: NationWars IV

VOD

Have the link to the VOD?

Description

Time

  • Played on: Jan. 5, 2017, 4:01 p.m.
  • Length: 7:51
Show
View Real Time Build Order
Export as new Build Order

Elazer Zerg - Winner!

Build Orders: Hatch First, Roach Nydus 

Get SALT Encoding   

  12  0:00  Drone  
  13  0:12  Overlord  
  13  0:17  Drone  
  14  0:31  Drone x2  
  14  0:35  Drone  
  17  0:53  Hatchery  
  17  0:56  Drone  
  17  0:59  Drone  
  18  1:10  Extractor  
  17  1:14  Spawning Pool  
  17  1:17  Drone  
  17  1:20  Drone  
  18  1:29  Drone  
  19  1:39  Overlord  
  19  1:57  Drone  
  21  2:01  Zergling x2  
  21  2:02  Queen  
  21  2:07  Zergling x2  
  24  2:14  Zergling x2  
  24  2:26  Zergling x2  
  22  2:44  Queen  
  22  2:49  Drone x2  
  26  2:52  Drone  
  26  2:54  Drone  
  28  2:59  Drone  
  28  3:02  Drone  
  30  3:06  Drone  
  30  3:07  Drone  
  32  3:12  Overlord  
  32  3:19  Overlord  
  32  3:32  Drone  
  32  3:33  Drone x2  
  35  3:37  Drone  
  36  3:42  Drone x2  
  36  3:43  Drone  
  36  3:44  Lair, Drone  
  36  3:46  Extractor  
  39  3:48  Queen  
  39  3:50  Drone  
  39  3:55  Overlord  
  42  4:04  Extractor  
  42  4:09  Roach Warren  
  40  4:10  Overlord  
  40  4:21  Overlord  
  40  4:25  Queen  
  42  4:43  Queen  
  42  4:45  Nydus Network  
  43  4:50  Roach x7  
  57  4:54  Roach  
  57  4:58  Roach  
  61  5:00  Roach  
  61  5:05  Roach  
  65  5:08  Roach  
  67  5:15  Overlord  
  66  5:22  Nydus Canal  
  66  5:26  Overlord  
  66  5:46  Queen x2  
  66  5:48  Roach x2  
  70  5:51  Roach x2  
  74  6:01  Overlord x2  
  74  6:18  Nydus Canal  
  74  6:21  Roach  
  74  6:22  Roach x4  
  84  6:30  Roach  
  80  6:34  Roach x2  
  64  6:50  Roach x2  
  64  6:52  Queen x2  
  58  7:04  Roach x2  
  60  7:15  Roach x5  
  64  7:21  Nydus Canal  
  64  7:24  Roach  
  64  7:28  Roach  
  68  7:35  Ravager  
  71  7:39  Ravager x2  
Show
View Real Time Build Order
Export as new Build Order

Chammy Zerg 

Build Orders: Pool First 

Get SALT Encoding   

  12  0:18  Spawning Pool  
  11  0:23  Drone  
  11  0:27  Drone  
  13  0:30  Drone  
  14  0:41  Overlord  
  14  1:05  Zergling x4  
  14  1:07  Zergling x2  
  17  1:17  Hatchery  
  16  1:19  Zergling x2  
  17  1:28  Zergling x2  
  18  1:34  Queen  
  20  1:42  Overlord  
  20  1:49  Drone  
  21  2:16  Drone  
  21  2:20  Drone  
  22  2:24  Drone  
  22  2:25  Queen  
  25  2:33  Drone  
  25  2:36  Drone  
  27  2:40  Queen  
  27  2:41  Drone  
  28  2:44  Drone x3  
  28  2:49  Extractor  
  28  2:50  Drone  
  28  2:51  Extractor  
  30  2:53  Drone  
  30  3:05  Drone  
  30  3:06  Drone  
  32  3:13  Overlord  
  32  3:18  Drone x2  
  32  3:19  Drone x2  
  36  3:26  Drone  
  36  3:32  Evolution Chamber  
  36  3:33  Drone  
  36  3:34  Evolution Chamber  
  35  3:35  Drone  
  36  3:43  Drone  
  36  3:44  Drone x2  
  36  3:46  Drone  
  40  3:51  Drone x2  
  40  3:53  Drone  
  43  3:57  Overlord  
  43  4:04  Zerg Ground Armor Level 1  
  43  4:11  Zerg Melee Weapons Level 1  
  43  4:16  Overlord  
  43  4:18  Drone x2  
  43  4:19  Drone  
  46  4:24  Metabolic Boost  
  46  4:35  Hatchery  
  46  4:37  Zergling x6  
  48  4:39  Zergling x2  
  48  4:42  Zergling x4  
  48  4:43  Zergling x2  
  52  4:46  Zergling x2  
  52  4:47  Zergling x2  
  52  4:50  Overlord  
  52  4:51  Zergling x2  
  55  4:53  Zergling x2  
  55  4:54  Zergling x2  
  55  4:57  Zergling x2  
  58  5:02  Overlord x2  
  58  5:15  Hatchery  
  58  5:16  Overlord  
  58  5:18  Zergling x2  
  58  5:20  Zergling x2  
  58  5:21  Zergling x2  
  60  5:23  Zergling x2  
  60  5:26  Zergling x4  
  63  5:30  Zergling x4  
  65  5:37  Zergling x6  
  65  5:38  Zergling x2  
  64  5:49  Zergling x2  
  55  5:51  Zergling x2  
  55  5:52  Zergling x2  
  55  5:55  Zergling x2  
  53  5:57  Zergling x4  
  53  6:03  Zergling x6  
  56  6:09  Zergling x2  
  55  6:12  Zergling x4  
  56  6:20  Zergling x4  
  56  6:23  Zergling x2  
  59  6:32  Zergling x4  
  57  6:37  Zergling x2  
  18  7:23  Zergling x2  
  18  7:26  Zergling x2  
  18  7:29  Zergling x2  
  21  7:34  Zergling x2  
Tags
 
Add a new tag
Caveats
  • Supply blocks, unpowered buildings, or Contaminate may cause inaccurate times.
  • Supply counts are checked every 10 seconds.